 Dungeon Crawl Stone Soup version 0.30-a0-630-g881e3bac89 (webtiles) character file.

Game seed: 12798091436690826464

394 M4edhros the Insei (level 6, 0/33 HPs)
             Began as a Vine Stalker Monk on Jan 13, 2023.
             Slain by a scorpion (1 damage)
             ... on level 4 of the Dungeon.
             The game lasted 00:01:44 (1221 turns).

M4edhros the Insei (Vine Stalker Monk)              Turns: 1221, Time: 00:01:45

Health: 0/33       AC:  2    Str: 13    XL:     6   Next: 82%
Magic:  0/7        EV: 14    Int: 10    God:
Gold:   71         SH:  0    Dex: 19    Spells: 5/5 levels left

rFire   . . .      SeeInvis .      - Unarmed
rCold   . . .      Faith    .    (no shield)
rNeg    . . .      Spirit   +    a - +0 robe
rPois   .          Reflect  .    (no helmet)
rElec   .          Harm     .    (no cloak)
rCorr   .          Rampage  .    (no gloves)
Will    .....                    (no boots)
Stlth   ++                       (no amulet)
HPRegen 1.05/turn                (no ring)
MPRegen 0.10/turn                (no ring)

@: brilliant, lethally poisoned (0 -> -2), attractive
A: fangs 2, regeneration 1, magic shield, antimagic bite, no potion heal 2
a: no special abilities


You were on level 4 of the Dungeon.
You visited 1 branch of the dungeon, and saw 4 of its levels.

You collected 71 gold pieces.

Inventory:

Armour
 a - a +0 robe (worn)
Wands
 j - a wand of polymorph (9)
Scrolls
 d - a scroll of enchant weapon {unknown}
 e - a scroll of fog {unknown}
 f - 3 scrolls of teleportation {unknown}
 g - 2 scrolls of identify {unknown}
Potions
 b - a potion of ambrosia


   Skills:
 + Level 4.0 Fighting
 + Level 3.6 Dodging
 - Level 2.4 Stealth
 * Level 5.6 Unarmed Combat


You had 5 spell levels left.
You didn't know any spells.
Your spell library contained the following spells:

 Spells                   Type           Power      Damage    Failure   Level
 Ensorcelled Hibernation  Hex/Ice        0%         N/A       50%         2
 Passwall                 Tmut/Erth      0%         N/A       50%         2
 Swiftness                Air            0%         N/A       75%         3


Dungeon Overview and Level Annotations

Branches:
Dungeon (3/15)

Altars:
Dithmenos


Innate Abilities, Weirdness & Mutations

You have extremely sharp teeth.
Your natural rate of healing is unusually fast.
When hurt, damage is shared between your health and your magic reserves.
Your bite disrupts and absorbs the magic of your enemies.
Potions cannot restore your health.


Message History

You hit the scorpion but do no damage.
The scorpion is lightly wounded.
You feel sick. The scorpion misses you. x2
You barely miss the scorpion. You bite the scorpion. You drain its power.
You feel invigorated.
The scorpion is moderately wounded.
You feel sick. The scorpion stings you.
You are more poisoned.
The scorpion poisons you!
You barely miss the scorpion.
You bite the scorpion, but do no damage.
The scorpion is moderately wounded.
You feel very sick. The scorpion stings you.
You completely miss the scorpion.
The scorpion is moderately wounded.
You feel sick. The scorpion stings you.
You are lethally poisoned!
The scorpion poisons you!
You hit the scorpion.
You bite the scorpion, but do no damage.
The scorpion is heavily wounded.
* * * LOW HITPOINT WARNING * * *
You feel very sick. The scorpion stings you.
* * * LOW HITPOINT WARNING * * *
It was a potion of attraction.
You feel attractive to monsters.
* * * LOW HITPOINT WARNING * * *
You feel very sick. The scorpion barely misses you.
It was a potion of heal wounds.
That seemed strangely inert.
* * * LOW HITPOINT WARNING * * *
You feel very sick. The scorpion closely misses you.
It was a potion of brilliance.
You feel clever all of a sudden.
* * * LOW HITPOINT WARNING * * *
You feel sick. The scorpion stings you.
You die...

#....#########..#.#
####.# #..#.# #.#
#..#.# #+#
####....# #.......#
#.###.#.# # ##..#.#
##.#...#.#####.
+....s@.........
##.#...#.#####..
#.........
#.......#.#
##.##.###.# #. #..
# # ##. .


You could see a scorpion.

Vanquished Creatures
  Sigmund (D:2)
  A phantom (D:3)
  A scorpion (D:4)
  An iguana (D:4)
  2 adders (D:2)
  An ufetubus (D:4)
  A dart slug (D:1)
  3 ball pythons (D:1)
  7 endoplasms
  2 giant cockroaches
  3 hobgoblins (D:1)
  4 jackals (D:1)
  4 quokkas
  4 bats (D:1)
  3 frilled lizards
  4 kobolds
  3 rats (D:1)
45 creatures vanquished.

Notes
Turn   | Place    | Note
-------+----------+-------------------------------------------
     0 | D:1      | M4edhros the Vine Stalker Monk began the quest for the Orb.
     0 | D:1      | Reached XP level 1. HP: 11/11 MP: 2/2
   108 | D:1      | Reached XP level 2. HP: 11/16 MP: 1/3
   276 | D:1      | Found a faded altar of an unknown god.
   324 | D:1      | Reached XP level 3. HP: 17/20 MP: 4/4
   554 | D:2      | Noticed Sigmund
   572 | D:2      | Killed Sigmund
   573 | D:2      | Reached skill level 4 in Unarmed Combat
   573 | D:2      | Gained mutation: Your natural rate of healing is unusually
                  | fast. [Vine Stalker growth]
   573 | D:2      | Reached XP level 4. HP: 5/25 MP: 2/5
   573 | D:2      | Reached XP level 5. HP: 5/29 MP: 2/6
   756 | D:2      | Reached skill level 5 in Unarmed Combat
   891 | D:2      | Reached XP level 6. HP: 21/33 MP: 7/7
   926 | D:3      | You fall into a shaft and drop 1 floor!
  1004 | D:4      | Found a shadowy altar of Dithmenos.
  1221 | D:4      | HP: 1/33 [poisoned by a scorpion]
  1221 | D:4      | Slain by a scorpion

Illustrated notes

Levels and vault maps discovered:
D:1:      evilmike_arrival_crescent, layout_basic,
          hellmonk_ecumenical_altar_arch_garden, minmay_octomino_e4
D:2:      layout_basic, uniq_sigmund
D:3:      layout_rooms, columned_hall_lemuel, due_unseen_surprise, uniq_grinder,
          uniq_natasha
D:4:      layout_loops_corners, nicolae_overflow_crystal_walls,
          biasface_ghost_orc_armoury

Skill      XL: |  1  2  3  4  5  6 |
---------------+-------------------+-----
Fighting       | 3 4 |  4.0
Dodging        | 3 |  3.6
Unarmed Combat | 4 5 |  5.6
Stealth        | |  2.4

Action                   |  1- 3 |  4- 6 || total
-------------------------+-------+-------++-------
Melee: Unarmed           |    86 |    83 ||   169
       Bite              |    23 |    23 ||    46
       Punch             |     1 |     2 ||     3
  Use: Potion            |       |     3 ||     3
 Stab: Sleeping          |     5 |     1 ||     6
Armor: Robe              |    19 |     6 ||    25
Dodge: Dodged            |    67 |    47 ||   114

Table legend: (Time is in decaauts)
 A = Elapsed time spent in this place.
 B = Non-inter-level travel time spent in this place.
 C = Inter-level travel time spent in this place.
 D = Time resting spent in this place.
 E = Time spent auto-exploring this place.
 F = Levels seen in this place.
 G = Mean time per level.
                   A        B        C        D        E       F      G
               +--------+--------+--------+--------+--------+-----+--------+
         Total |   1206 |   1168 |     38 |      0 |    700 |   4 |  301.5 |
       Dungeon |   1206 |   1168 |     38 |      0 |    700 |   4 |  301.5 |
               +--------+--------+--------+--------+--------+-----+--------+

Top non-repeatable levels by time:
     D:1: 502 daAuts
     D:2: 385 daAuts
     D:4: 290 daAuts
     D:3: 28 daAuts
